 Dungeon Crawl Stone Soup version 0.30.0-5-g1a98f26d00 (webtiles) character file.

Game seed: 16388459385543187385

93 hogiebunz the Shooter (level 4, -6/26 HPs)
             Began as a Deep Elf Hunter on May 9, 2023.
             Killed by divine providence
             ... invoked by an orc priest
              (11 damage)
             ... on level 3 of the Dungeon.
             The game lasted 00:03:55 (1908 turns).

hogiebunz the Shooter (Deep Elf Hunter)             Turns: 1908, Time: 00:03:58

Health: -6/26      AC:  5    Str:  8    XL:     4   Next: 37%
Magic:  6/6        EV: 11    Int: 14    God:
Gold:   160        SH:  0    Dex: 20    Spells: 3/3 levels left

rFire   . . .        a - +0 shortbow
rCold   . . .        (shield currently unavailable)
rNeg    . . .        s - +0 ring mail
rPois   .            (no helmet)
rElec   .            (no cloak)
rCorr   .            (no gloves)
SInv    .            (no boots)
Will    .....        (no amulet)
Stlth   ++           (no ring)
HPRegen 0.24/turn    (no ring)
MPRegen 0.10/turn

%: no passive effects
@: no status effects
A: no striking features
a: no special abilities


You were on level 3 of the Dungeon.
You visited 1 branch of the dungeon, and saw 3 of its levels.

You collected 160 gold pieces.

Inventory:

Hand Weapons
 a - a +0 shortbow (weapon)
Missiles
 g - 2 throwing nets
 m - 5 boomerangs
Armour
 c - a +0 leather armour
 s - a +0 ring mail (worn)
Jewellery
 j - an amulet of faith
 p - a ring of willpower
Wands
 k - a wand of roots (7)
Scrolls
 b - a scroll of immolation
 e - 3 scrolls of vulnerability {unknown}
 h - 2 scrolls of noise {unknown}
 l - a scroll of amnesia {unknown}
 o - a scroll of identify {unknown}
 r - a scroll of fear {unknown}
Potions
 d - a potion of attraction {unknown}
 f - 3 potions of haste {unknown}
 i - 2 potions of brilliance {unknown}
 n - a potion of degeneration {unknown}
 q - a potion of resistance {unknown}


   Skills:
 + Level 2.2 Fighting
 * Level 6.4 Ranged Weapons
 + Level 3.3 Dodging
 + Level 2.6 Stealth


You had 3 spell levels left.
You didn't know any spells.
Your spell library was empty.

Dungeon Overview and Level Annotations

Branches:
Dungeon (3/15)

Altars:
Dithmenos

Shops:
D:1 (   D:2 (

Annotations:
D:3 2 runed translucent doors


Message History

The orc is severely wounded.
The orc completely misses you.
You shoot an arrow. The arrow barely misses the orc.
The arrow hits the orc priest!
The orc priest is severely wounded.
The orc hits you with a +0 mace.
The orc priest invokes the aid of Beogh against you.
Beogh smites you! The orc misses you.
You shoot an arrow. The arrow closely misses the orc.
The arrow closely misses the orc priest.
The arrow barely misses the orc.
The orc closely misses you.
You shoot an arrow. The arrow hits the orc.
You kill the orc!
The orc priest invokes the aid of Beogh against you.
Something writhes in agony.
Something hits you.
You shoot an arrow. Something hits you but does no damage.
You shoot an arrow.
Reactivating autopickup.
You feel a bit more experienced.
You shoot an arrow.
The arrow hits the orc but does no damage.
The orc hits you with a +0 hand axe. The orc hits you but does no damage.
You are too injured to fight recklessly!
You are too injured to fight recklessly!
You are too injured to fight recklessly!
Unknown command.
You shoot an arrow. The arrow hits the orc.
The orc is moderately wounded.
The orc hits you with a +0 hand axe.
You shoot an arrow. The arrow hits the orc.
The orc is heavily wounded.
The orc barely misses you.
You shoot an arrow. The arrow closely misses the orc.
The arrow hits the orc priest.
The orc priest is severely wounded.
The orc hits you with a +0 hand axe.
* * * LOW HITPOINT WARNING * * *
The orc priest invokes the aid of Beogh against you.
Beogh smites you!
You die...

.†...##.... ..$.......
###........... ..........
##.)........... .).......
#.....####..... .........
#...##≈≈≈#~#..# #........
.)..# ≈≈≈≈≈#..# #........
)#.##≈#≈#≈≈##.## #....<...
...~≈≈≈≈≈≈≈≈#..###........
##.#≈≈≈≈≈≈#≈≈...@oo.......
...##≈#≈≈≈≈#≈...###.......
....~≈≈≈#≈≈#....# .......
....###≈≈##~.†..##.#......
.#....##~#............##..
.#.................##.# .#
.########>........## .#
..#####..........## .#
#..............#[#


You could see an orc priest and an orc.

Vanquished Creatures
  An orc wizard (D:3)
  An adder (D:2)
  5 orcs (D:3)
  7 ball pythons
  5 endoplasms
  5 giant cockroaches
  2 hobgoblins
  6 jackals
  2 quokkas
  6 bats
  4 frilled lizards
  2 kobolds
  7 rats
53 creatures vanquished.

Notes
Turn   | Place    | Note
-------+----------+-------------------------------------------
     0 | D:1      | hogiebunz the Deep Elf Hunter began the quest for the Orb.
     0 | D:1      | Reached XP level 1. HP: 12/12 MP: 3/3
    28 | D:1      | Found Qyffaps's Weapon Emporium.
   224 | D:1      | Reached XP level 2. HP: 17/17 MP: 4/4
   894 | D:2      | Reached XP level 3. HP: 21/21 MP: 5/5
   994 | D:2      | Reached skill level 6 in Ranged Weapons
  1013 | D:2      | Found Iggeniawn's Weapon Emporium.
  1688 | D:3      | Found a shadowy altar of Dithmenos.
  1731 | D:3      | Found a large runed translucent door.
  1731 | D:3      | Found a large runed translucent door.
  1898 | D:3      | Reached XP level 4. HP: 24/26 MP: 6/6
  1908 | D:3      | Killed from afar by an orc priest

Illustrated notes

Levels and vault maps discovered:
D:1:      minmay_arrival_glassed_features, layout_basic, serial_shops, shop,
          serial_bayou_ford_a, kennysheep_pointless_box
D:2:      layout_loops_corners, serial_shops, nicolae_shop_window_shopping,
          minmay_pentomino_v2
D:3:      layout_rooms, jmf_multi_god_temple2, mainiacjoe_overflow_boulevard,
          general_overflow_altar, hex_medium, minivault_4,
          kennysheep_generic_room_5

Skill      XL: |  1  2  3 |
---------------+----------+-----
Stealth        | 2 |  2.6
Fighting       | 2 |  2.2
Ranged Weapons | 6 |  6.4
Dodging        | 3 |  3.3

Action                     |  1- 3 |  4- 6 || total
---------------------------+-------+-------++-------
   Fire: Shortbow          |   113 |    10 ||   123
 Armour: Leather armour    |    10 |       ||    10
         Ring mail         |     4 |     2 ||     6
  Dodge: Dodged            |    35 |     5 ||    40
